 Dungeon Crawl Stone Soup version 0.30-a0-1103-g25895a7845 (webtiles) character file.

Game seed: 9295429477203213913

63 Maxmaps the Insei (level 3, -3/43 HPs)
             Began as a Demonspawn Monk on Apr 18, 2023.
             Slain by Sigmund
             ... wielding a +3 scythe
              (4 damage)
             ... on level 2 of the Dungeon.
             The game lasted 00:01:41 (996 turns).

Maxmaps the Insei (Demonspawn Monk)                  Turns: 996, Time: 00:01:41

Health: -3/43      AC: 21    Str: 11    XL:     3   Next: 87%
Magic:  3/3        EV:  2    Int: 13    God:
Gold:   58         SH:  0    Dex: 15    Spells: 2/2 levels left

rFire   . . .      SeeInvis .      - Unarmed
rCold   . . .      Faith    .    c - orb {light}
rNeg    . . .      Spirit   .    l - melded +1 leather armour of Usocwydi {rPois Str+4}
rPois   +          Reflect  .    n - melded +0 hat
rElec   .          Rampage  .    (cloak currently unavailable)
rCorr   .          NoTele   +    (gloves currently unavailable)
Will    .....                    d - melded +1 pair of boots
Stlth   +                        (no amulet)
HPRegen 0.27/turn                (no ring)
MPRegen 0.08/turn                (no ring)

@: brilliant, tree-form, glowing
A: stationary, stasis, torment immunity, boosted hp, (claws 1), (spiny 1),
evolution 1
a: no special abilities


You were on level 2 of the Dungeon.
You were a tree.
You visited 1 branch of the dungeon, and saw 2 of its levels.

You collected 58 gold pieces.

Inventory:

Armour
 a - a +0 robe
 c - an orb of light (worn)
 d - a +1 pair of boots (melded)
 k - a +0 chain mail
 l - the +1 leather armour of Usocwydi (melded) {rPois Str+4}
   (You found it on level 2 of the Dungeon)

   Str:       It affects your strength (+4).
   rPois:     It protects you from poison.
 n - a +0 hat (melded)
Scrolls
 h - a scroll of noise {unknown}
 i - 2 scrolls of fog {unknown}
Potions
 b - a potion of ambrosia
 m - a potion of brilliance


   Skills:
 - Level 3.0 Fighting
 - Level 3.0 Dodging
 - Level 4.1 Unarmed Combat


You had 2 spell levels left.
You didn't know any spells.
Your spell library contained the following spells:

 Spells                   Type           Power      Damage    Failure   Level
 Call Canine Familiar     Summ           0%         N/A       67%         3
 Portal Projectile        Hex/Tloc       0%         N/A       67%         3
 Leda's Liquefaction      Hex/Erth       0%         N/A       97%         4


Dungeon Overview and Level Annotations

Branches:
Dungeon (2/15)

Altars:

Shops:
D:1 ==:

Annotations:
D:2 Sigmund


Innate Abilities, Weirdness & Mutations

You are a tree.
Your roots penetrate the ground, keeping you stationary.
You cannot be teleported.
You are immune to unholy pain and torment.
Your maximum health is greatly increased.
Your equipment is partially melded.
((You have sharp fingernails.))
((You are partially covered in sharp spines.))
You have hidden genetic potential.


Message History

You are confused.
You are too confused!
You are too confused!
You are too confused!
Unknown command.
You scratch Sigmund.
Sigmund is lightly wounded.
Sigmund is struck by your spines. Sigmund closely misses you.
Sigmund casts a spell at you. The magic dart hits you.
Sigmund hits you with a +3 scythe!
You're too confused to move!
You scratch Sigmund but do no damage.
Sigmund is lightly wounded.
Sigmund hits you with a +3 scythe.
You bump into the rock wall.
Sigmund hits you from afar with a +3 scythe!
* * * LOW HITPOINT WARNING * * *
It was a potion of brilliance.
You feel clever all of a sudden.
You feel less confused. Sigmund hits you but does no damage.
It was a potion of mutation.
You feel extremely strange.
You feel a hidden potential growing inside you.
It was a potion of lignification.
You turn into a tree.
Your +0 hat melds into your body.
Your +1 pair of boots melds into your body.
The +1 leather armour of Usocwydi {rPois Str+4} melds into your body.
Your roots penetrate the ground.
Sigmund gestures at you while chanting. You resist with significant effort.
As you read the scroll labelled OLUUVIS HUX, it crumbles to dust.
It is a scroll of enchant weapon.
You aren't carrying any weapons that can be enchanted.
Sigmund hits you from afar with a +3 scythe!
* * * LOW HITPOINT WARNING * * *
Unknown command.
As you read the scroll labelled RIR ZUCEFANIO, it crumbles to dust.
You feel a strange sense of stasis.
It was a scroll of teleportation.
Sigmund hits you from afar with a +3 scythe.
You die...

.....>....##.###.#.. # ..
..............##.##..###
.......................#
..........##.....###.#.##.
.............###..........
.............###.........#
###.###.........#..$...<.#
##..###...........@......#
...............#♣.........
...............#.#.#..####
..[..............#.##...#
.................... ....
)........#######..... .###
.........# #.......#
.........##### #####..#
.........##..######
...................


You could see Sigmund.

Vanquished Creatures
  Terence (D:2)
  An adder (D:2)
  A ball python (D:1)
  2 endoplasms (D:1)
  2 giant cockroaches (D:1)
  7 goblins
  2 hobgoblins (D:1)
  4 jackals (D:1)
  3 kobolds
  2 quokkas
25 creatures vanquished.

Notes
Turn   | Place    | Note
-------+----------+-------------------------------------------
     0 | D:1      | Maxmaps the Demonspawn Monk began the quest for the Orb.
     0 | D:1      | Reached XP level 1. HP: 18/18 MP: 1/1
    69 | D:1      | Found Riariczuin's Jewellery Shop.
   139 | D:1      | Reached skill level 3 in Unarmed Combat
   147 | D:1      | Gained mutation: You have sharp fingernails. [demonic
                  | ancestry]
   147 | D:1      | Reached XP level 2. HP: 21/24 MP: 2/2
   476 | D:1      | Found User's Jewellery Shoppe.
   651 | D:1      | Found Suocue's Book Shop.
   794 | D:2      | Gained mutation: You are partially covered in sharp spines.
                  | [demonic ancestry]
   794 | D:2      | Reached XP level 3. HP: 29/29 MP: 3/3
   855 | D:2      | Identified the +1 leather armour of Usocwydi {rPois Str+4}
   912 | D:2      | Noticed Terence
   924 | D:2      | Killed Terence
   925 | D:2      | Reached skill level 4 in Unarmed Combat
   980 | D:2      | Noticed Sigmund
   993 | D:2      | Gained mutation: You have hidden genetic potential. [potion
                  | of mutation]
   995 | D:2      | HP: 1/43 [Sigmund/+3 scythe (7)]
   996 | D:2      | Slain by Sigmund

Illustrated notes

Levels and vault maps discovered:
D:1:      dpeg_arrival_ternary, layout_basic, serial_shops, shop,
          nicolae_shop_trees, shop
D:2:      layout_rooms, shapermc_ecumenical_altar_pompeii, uniq_sigmund,
          uniq_crazy_yiuf_cottage, uniq_terence

Skill      XL: |  1  2  3 |
---------------+----------+-----
Unarmed Combat | 3 4 |  4.1
Dodging        | 3 |  3.0
Fighting       | |  3.0

Action                     || total
---------------------------++-------
  Melee: Unarmed           ||    82
    Use: Potion            ||     3
         Scroll            ||     2
 Armour: Robe              ||    11
         Chain mail        ||     6
         Leather armour    ||     2
  Dodge: Dodged            ||    45

Table legend: (Time is in decaauts)
 A = Elapsed time spent in this place.
 B = Non-inter-level travel time spent in this place.
 C = Inter-level travel time spent in this place.
 D = Time resting spent in this place.
 E = Time spent auto-exploring this place.
 F = Levels seen in this place.
 G = Mean time per level.
                   A        B        C        D        E       F      G
               +--------+--------+--------+--------+--------+-----+--------+
         Total |    991 |    955 |     36 |      0 |    721 |   2 |  495.5 |
       Dungeon |    991 |    955 |     36 |      0 |    721 |   2 |  495.5 |
               +--------+--------+--------+--------+--------+-----+--------+

Top non-repeatable levels by time:
     D:1: 760 daAuts
     D:2: 231 daAuts
